 Dungeon Crawl Stone Soup version 0.19.1-1-g22dce08 (webtiles) character file.

3265 Khalor the Basher (level 9, -1/88 HPs)
             Began as a Troll Berserker on Jan 6, 2017.
             Was an Elder of Trog.
             Slain by a wight
             ... wielding a +0 halberd
              (3 damage)
             ... on level 9 of the Dungeon.
             The game lasted 00:57:10 (9715 turns).

Khalor the Basher (Troll Berserker)                 Turns: 9715, Time: 00:57:11

Health: -1/88      AC:  5    Str: 30    XL:     9   Next: 68%
Magic:  8/8        EV: 10    Int:  3    God:    Trog [****..]
Gold:   447        SH: 12    Dex: 14    Spells: 0 memorised, 8 levels left

rFire  + . .     SeeInvis .     a - +0 mace
rCold  . . .     Gourm    +     b - +0 animal skin
rNeg   . . .     Faith    .     v - +2 shield
rPois  .         Spirit   .     (helmet restricted)
rElec  .         Reflect  .     (no cloak)
rCorr  .         Harm     +     (gloves unavailable)
MR     .....                    (boots unavailable)
Stlth  ++........               I - amulet of harm
                                A - +5 ring of dexterity
                                e - ring of protection from fire

@: lethally poisoned (-1 -> -14), exhausted, slowed, heavily drained, very slow
A: unfitting armour, claws 3, fast metabolism 3, gourmand, regeneration 1,
shaggy fur 1, tough skin 2
a: Berserk, Trog's Hand, Brothers in Arms, Burn Spellbooks, Renounce Religion


You were on level 9 of the Dungeon.
You worshipped Trog.
Trog was greatly pleased with you.
You were not hungry.

You visited 2 branches of the dungeon, and saw 10 of its levels.

You collected 492 gold pieces.
You spent 45 gold pieces at shops.

Inventory:

Hand Weapons
 a - a +0 mace (weapon)
 i - a +0 short sword of flaming
 r - a cursed -1 trident
 t - a +0 flail of holy wrath
 J - a +0 shortbow
 K - a +0 trident of venom
 N - a +1 war axe of electrocution
 O - a +0 shortbow
 Q - the +8 autumn katana {slice, Clar}
   (You found it on level 8 of the Dungeon)

   It inflicts extra damage upon your enemies.
   It protects you against confusion.
 T - the +5 dagger "Wodduul" {pierce, rElec rPois rN+, unknown}
   (You found it on level 9 of the Dungeon)

   It inflicts extra damage upon your enemies.
   It insulates you from electricity.
   It protects you from poison.
   It protects you from negative energy.
 V - a +0 shortbow
Missiles
 M - 90 arrows
 P - 4 exploding tomahawks (quivered)
Armour
 b - a +0 animal skin (worn)
 v - a +2 shield (worn)
 w - a +0 large shield
 S - a cursed +0 chain mail
Jewellery
 e - a ring of protection from fire (left claw)
 A - a +5 ring of dexterity (right claw)
 I - an amulet of harm (around neck)
Scrolls
 d - 3 scrolls of magic mapping
 g - 2 scrolls of teleportation
 h - 4 scrolls of remove curse
 l - a scroll of random uselessness
 n - 2 scrolls of blinking
 s - a scroll of fear
 x - a scroll of noise
 y - 3 scrolls of enchant armour {unknown}
 G - 2 scrolls of fog {unknown}
 R - a scroll of identify
Potions
 j - a potion of ambrosia {unknown}
 m - 7 potions of curing {unknown}
 o - a potion of agility {unknown}
 p - a potion of brilliance {unknown}
 q - 2 potions of might {unknown}
 u - a potion of degeneration {unknown}
 z - a potion of invisibility
 E - a potion of haste
 F - 3 potions of lignification {unknown}
 H - a potion of heal wounds {unknown}
 L - a potion of resistance {unknown}
Comestibles
 c - 4 bread rations
 f - 3 meat rations
 k - 2 royal jellies
 B - 6 fruits
 C - 2 slices of pizza
 D - 2 beef jerkies


   Skills:
 + Level 5.0(3.3) Fighting
 + Level 8.2(6.4) Maces & Flails
 + Level 6.0(4.3) Dodging
 + Level 2.1(0.6) Stealth
 + Level 4.5(2.9) Shields


You had 8 spell levels left.
You didn't know any spells.

Dungeon Overview and Level Annotations

Branches:
Dungeon (9/15)             Temple (1/1) D:6             Orc (0/2) D:9
   Lair: D:8-11

Altars:
Ashenzari
Cheibriados
Dithmenos
Elyvilon
Fedhas
Gozag
Hepliaklqana
Kikubaaqudgha
Makhleb
Nemelex Xobeh
Okawaru
Qazlal
Ru
Sif Muna
Trog
Uskayaw
Vehumet
Xom
Yredelemnul
Zin
The Shining One

Shops:
D:5 %


Innate Abilities, Weirdness & Mutations

You are too large for most types of armour.
You have claws for hands.
Your metabolism is lightning-fast.
You like to eat raw meat.
Your natural rate of healing is unusually fast.
You are covered in fur. (AC +1)
You have very tough skin. (AC +2)


Message History

The wight hits you with a spear of venom.
You are more poisoned.
You feel sick. The wight hits you with a trident!
You feel drained. The wight hits you with a halberd.
You feel drained.
The wight hits you with a spear of venom!
You are more poisoned.
You can move again.
There is an open door, spattered with blood here.
Items here: )) [[ a hand axe; a robe; an enchanted halberd; a robe You feel very sick.
The wight hits you from afar with a trident!
* * * LOW HITPOINT WARNING * * *
You feel drained.
* * * LOW HITPOINT WARNING * * *
You block the wight's attack.
The wight hits you from afar with a halberd!
* * * LOW HITPOINT WARNING * * *
You feel drained.
You die...

###### #....# ####### ##
#....######z......
.#######....##..@)z......
......##....##.###z......
#####..'....#..# .......
####....'.## ..[....
#....### ....... ##.>##
....... ####...# ##+####
#....### ##.#######


You could see 3 wights.

Vanquished Creatures
  A hill giant (D:8)
  The ghost of graki42 the Thaumaturge, a novice DEFE of Vehumet (D:7)
  Prince Ribbit (D:7)
  Menkaure (D:4)
  2 sky beasts
  A black bear (D:9)
  An ice beast (D:5)
  2 ogres (D:6)
  2 centaurs
  A bullfrog (D:6)
  3 scorpions
  2 wights (D:9)
  2 howler monkeys
  A crimson imp (D:7)
  A centaur zombie (D:5)
  7 hounds
  A bullfrog skeleton (D:5)
  A quasit (D:7)
  3 orc priests
  A centaur skeleton (D:4)
  2 jellies
  6 orc wizards
  6 worker ants
  A gnoll (D:1)
  6 adders
  2 shadow imps
  An adder zombie (D:7)
  2 adder skeletons
  3 dart slugs
  A leopard gecko (D:6)
  39 orcs
  A ball python (D:4)
  7 giant cockroaches
  7 goblins
  5 hobgoblins
  9 kobolds
  2 quokkas (D:6)
  5 bats
  A frilled lizard (D:3)
  5 rats (D:2)
  A spectral orc (D:5)
147 creatures vanquished.

Vanquished Creatures (others)
  A quokka (D:7)
1 creature vanquished.

Grand Total: 148 creatures vanquished

Notes
Turn   | Place    | Note
-------+----------+-------------------------------------------
     0 | D:1      | Khalor the Troll Berserker began the quest for the Orb.
     0 | D:1      | Reached XP level 1. HP: 22/22 MP: 0/0
   230 | D:1      | Reached XP level 2. HP: 24/29 MP: 1/1
   276 | D:1      | Reached skill level 3 in Maces & Flails
   803 | D:2      | Reached XP level 3. HP: 36/36 MP: 2/2
  1226 | D:2      | Reached ** piety under Trog
  1813 | D:3      | Reached XP level 4. HP: 45/45 MP: 3/3
  2145 | D:3      | Reached skill level 4 in Maces & Flails
  2145 | D:3      | Reached XP level 5. HP: 46/53 MP: 4/4
  2542 | D:3      | Found an iron altar of Okawaru.
  2674 | D:4      | Found a glowing golden altar of the Shining One.
  3105 | D:4      | Reached XP level 6. HP: 61/61 MP: 5/5
  3666 | D:4      | Reached skill level 1 in Stealth
  3673 | D:4      | Reached skill level 5 in Maces & Flails
  3879 | D:4      | Noticed Menkaure
  3883 | D:4      | Killed Menkaure
  3883 | D:4      | Reached XP level 7. HP: 67/67 MP: 6/6
  3950 | D:5      | Entered Level 5 of the Dungeon
  3985 | D:5      | Reached skill level 1 in Shields
  4211 | D:5      | Found a basalt altar of Yredelemnul.
  4365 | D:5      | Found Iggoif's Food Boutique.
  4387 | D:5      | Bought 2 fruits for 30 gold pieces
  4387 | D:5      | Bought a slice of pizza for 15 gold pieces
  5041 | D:6      | Found an opulent altar of Gozag.
  5042 | D:6      | Found a hide-covered altar of Uskayaw.
  5046 | D:6      | Found a radiant altar of Vehumet.
  5059 | D:6      | Reached *** piety under Trog
  5059 | D:6      | Reached skill level 6 in Maces & Flails
  5073 | D:6      | Found a staircase to the Ecumenical Temple.
  5168 | Temple   | Entered the Ecumenical Temple
  5637 | D:6      | Reached XP level 8. HP: 78/78 MP: 7/7
  6412 | D:7      | Found a blossoming altar of Fedhas.
  6896 | D:7      | Reached skill level 5 in Dodging
  6960 | D:7      | Noticed Prince Ribbit
  6984 | D:7      | Killed Prince Ribbit
  7057 | D:7      | Found a white marble altar of Elyvilon.
  7119 | D:7      | Reached skill level 7 in Maces & Flails
  7433 | D:7      | Noticed graki42's ghost (novice DEFE)
  7467 | D:7      | Killed graki42's ghost
  7467 | D:7      | Reached XP level 9. HP: 60/85 MP: 8/8
  8999 | D:8      | Noticed a hill giant
  9006 | D:8      | Killed a hill giant
  9169 | D:9      | Got an ichor-stained dagger
  9263 | D:9      | Reached skill level 8 in Maces & Flails
  9283 | D:9      | Reached **** piety under Trog
  9602 | D:9      | Found a staircase to the Orcish Mines.
  9707 | D:9      | Reached skill level 5 in Fighting
  9715 | D:9      | HP: 2/88 [wight/halberd (12)]
  9715 | D:9      | Slain by a wight

Skill      XL: |  1  2  3  4  5  6  7  8  9 |
---------------+----------------------------+-----
Maces & Flails | 3 4 5 6 7 8 |  8.2
Dodging        | 3 4 5 6 |  6.0
Fighting       | 3 4 5 |  5.0
Stealth        | 1 2 |  2.1
Shields        | 1 3 4 |  4.5

Action                   |  1- 3 |  4- 6 |  7- 9 || total
-------------------------+-------+-------+-------++-------
Melee: Mace              |    92 |   142 |   426 ||   660
Invok: Berserk           |     4 |     5 |     9 ||    18
       Burn Spellbooks   |       |       |     1 ||     1
       Trog's Hand       |       |       |     1 ||     1
  Use: Scroll            |       |     6 |     2 ||     8
 Stab: Sleeping          |     1 |       |     4 ||     5
       Distracted        |       |       |     1 ||     1
  Eat: Chunk             |    15 |    21 |    47 ||    83
       Bread ration      |     1 |     2 |     2 ||     5
Armor: Animal skin       |    26 |    55 |    93 ||   174
Dodge: Dodged            |    48 |    84 |   167 ||   299
Block: Shield            |       |    34 |   244 ||   278
